 Dungeon Crawl Stone Soup version 0.30-a0-137-gd8773701ce (webtiles) character file.

Game seed: 9424498344196291688

1134 ytrimaz the Covered (level 8, 0/97 HPs)
             Began as a Formicid Fighter on Sept 22, 2022.
             Slain by a gnoll sergeant
             ... wielding a +2 trident of electrocution
              (9 damage)
             ... on level 5 of the Dungeon.
             The game lasted 00:07:06 (4313 turns).

ytrimaz the Covered (Formicid Fighter)              Turns: 4313, Time: 00:07:07

Health: 0/97       AC: 24    Str: 23    XL:     8   Next: 63%
Magic:  8/8        EV:  2    Int:  8    God:
Gold:   1374       SH:  5    Dex: 13    Spells: 7/7 levels left

rFire   . . .      SeeInvis .    u - +2 war axe (drain)
rCold   . . .      Faith    .    c - +0 buckler
rNeg    + . .      Spirit   .    (body armour currently unavailable)
rPois   +          Reflect  .    (helmet unavailable)
rElec   .          Harm     .    (cloak currently unavailable)
rCorr   .          Rampage  .    (gloves currently unavailable)
Will    .....                    (boots currently unavailable)
Stlth   +.........               h - amulet of regeneration
HPRegen 1.06/turn                e - +4 ring of evasion
MPRegen 0.11/turn                q - ring of positive energy

@: tree-form, attractive
A: stationary, stasis, torment immunity, boosted hp, permanent stasis, dig
shafts and tunnels, (antennae 3), four strong arms
a: no special abilities


You were on level 5 of the Dungeon.
You were a tree.
You visited 1 branch of the dungeon, and saw 5 of its levels.

You collected 1374 gold pieces.


Innate Abilities, Weirdness & Mutations

You are a tree.
Your roots penetrate the ground, keeping you stationary.
You cannot be teleported.
You are immune to unholy pain and torment.
Your maximum health is greatly increased.
Your equipment is partially melded.
You cannot be hasted, slowed, berserked, paralysed or teleported.
You can dig through walls and to a lower floor.
((You have a pair of large antennae on your head. (SInv)))
Your four strong arms can wield two-handed weapons with a shield.


   Skills:
 + Level 6.8 Fighting
 + Level 5.8 Axes
 + Level 7.0 Armour
 - Level 4.0 Shields


You had 7 spell levels left.
You didn't know any spells.
Your spell library contained the following spells:

 Spells                   Type           Power      Damage    Failure   Level
 Magic Dart               Conj           0%         1d3       47%         1
 Call Imp                 Summ           0%         N/A       63%         2
 Mephitic Cloud           Conj/Pois/Air  0%         N/A       85%         3

Inventory:

Hand Weapons
 a - a +0 war axe
 d - a +1 war axe of freezing
   (You took it off an orc priest on level 3 of the Dungeon)
 u - a +2 war axe of draining (weapon)
   (You found it on level 4 of the Dungeon)
 v - a +0 battleaxe
   (You found it on level 5 of the Dungeon)
Armour
 b - a +0 scale mail (melded)
 c - a +0 buckler (worn)
 s - a +2 pair of gloves (melded)
   (You found it on level 4 of the Dungeon)
Jewellery
 e - a +4 ring of evasion (left branch)
   (You found it on level 2 of the Dungeon)
 h - an amulet of regeneration (around neck)
   (You found it on level 1 of the Dungeon)
 i - an amulet of reflection
   (You found it on level 1 of the Dungeon)
 q - a ring of positive energy (right branch)
   (You found it on level 4 of the Dungeon)
Scrolls
 j - a scroll of magic mapping
 k - a scroll of enchant weapon
 r - a scroll of amnesia
Potions
 f - a potion of cancellation
 l - a potion of flight
 m - a potion of lignification

Dungeon Overview and Level Annotations

Branches:
Dungeon (5/15) Zot: 25578
 Temple: D:4-7

Altars:

Annotations:
D:5 1 transporter, Daunt's ghost, amateur MeFE

##...###.....≈≈###.W.......{.{...
##..####.....≈≈.8#.######'##### .
..#.###..###.≈≈.##.#.⌠.#..8#
##...##.## #.~~.#.§'.....©⌠# '.
#..#...# #.≈≈.##W#.⌠.#..8# .#.
#.####)# #.≈≈.8#g######)######
### #.####.≈≈###Wgg.ggg........
#..#...≈≈#g)g###§#####.###.
##...#.≈≈#♣g.#.###.©.###.#.
##.....≈≈#####...........##
#......≈≈≈≈≈≈≈≈≈≈≈...≈≈≈≈≈≈
###......≈≈≈≈≈≈≈≈≈≈≈...≈≈≈≈≈≈
#......#.....................
#........[#####..#.)###.###..##
#............##.....###..# ....
#.........###..###...###... ##.
##.######## #..####...###.## #


You could see 2 gnoll sergeants, a gnoll bouda (very drained), Daunt's ghost and
2 gnolls.


Message History

* * * LOW HITPOINT WARNING * * *
The gnoll hits you but does no damage.
The gnoll zaps a wand.
You easily resist.
The gnoll is attracted toward you.
Daunt's ghost is attracted toward you. 😱 HP[-3]
You take 3 damage, and now have 14/65 hp.
Really quaff the potion of lignification?
You turn into a tree.
Your +2 pair of gloves melds into your body.
Your +0 scale mail melds into your body.
Your roots penetrate the ground.
You block the gnoll sergeant's attack.
The gnoll sergeant hits you but does no damage.
You are electrocuted!
* * * LOW HITPOINT WARNING * * *
The gnoll hits you but does no damage.
The gnoll bouda gazes fiercely through you!
You feel your attacks grow feeble. The gnoll hits you but does no damage.
The gnoll is attracted toward you.
The gnoll bouda is attracted toward you. 😱 HP[-3]
You now have 97 max hp (+32).
Unknown command.
You feel better.
The gnoll sergeant hits you from afar with a +0 spear.
* * * LOW HITPOINT WARNING * * *
The gnoll sergeant completely misses you.
The gnoll hits you with a +2 halberd of pain.
* * * LOW HITPOINT WARNING * * *
The gnoll barely misses you. 😱 HP[+4]
You regained 4 hp, and now have 15/97 hp.
Unknown command.
It was a potion of berserk rage.
Your stasis prevents you from going berserk.
The gnoll sergeant is no longer moving quickly.
The gnoll sergeant hits you from afar with a +0 spear.
* * * LOW HITPOINT WARNING * * *
The gnoll sergeant hits you but does no damage.
The gnoll hits you but does no damage. You block the gnoll's attack. 😱 HP[-4]
You take 4 damage, and now have 11/97 hp.
Unknown command.
Unknown command.
It was a potion of magic.
Magic courses through your body.
The gnoll sergeant hits you but does no damage. x2
The gnoll barely misses you.
You block the gnoll's attack. 😱 HP[+1] Unknown command.
You feel better.
Your attacks no longer feel as feeble.
The gnoll sergeant hits you but does no damage. x2
The gnoll hits you but does no damage.
The gnoll bouda barks out a call to the hunt!
The gnolls pick up the pace!
The gnoll completely misses you. 😱 HP[+9]
You regained 9 hp, and now have 21/97 hp.
Unknown command.
Okay, then.
Unknown command.
Unknown command.
Unknown command.
You slash the gnoll!
You hit the gnoll sergeant but do no damage.
You hit the gnoll. You drain the gnoll. You block the gnoll sergeant's attack.
The gnoll sergeant hits you with a +2 trident of electrocution.
* * * LOW HITPOINT WARNING * * *
The gnoll hits you but does no damage. You block the gnoll's attack.
The gnoll sergeant hits you from afar with a +0 spear.
* * * LOW HITPOINT WARNING * * *
😱 HP[-6]
You take 6 damage, and now have 15/97 hp.
Unknown command.
Unknown command.
You barely miss the gnoll.
You hit the gnoll sergeant but do no damage.
You slash the gnoll!
You kill the gnoll!
The gnoll is no longer moving quickly.
The gnoll sergeant hits you but does no damage.
You block the gnoll's attack.
The gnoll bouda barks out a call to the hunt!
The gnoll picks up the pace!
The gnoll sergeant hits you from afar with a +0 spear.
* * * LOW HITPOINT WARNING * * *
The gnoll sergeant is attracted toward you.
The gnoll is attracted toward you.
The gnoll bouda is attracted toward you. 😱 HP[-3]
You take 3 damage, and now have 12/97 hp.
Unknown command.
You slash the gnoll!
You kill the gnoll!
The gnoll sergeant blocks your attack.
You completely miss the gnoll sergeant.
The gnoll sergeant is no longer moving quickly.
The gnoll sergeant hits you with a +2 trident of electrocution.
* * * LOW HITPOINT WARNING * * *
You are electrocuted!
You die...

Skill      XL: |  1  2  3  4  5  6  7  8 |
---------------+-------------------------+-----
Armour         | 4 5 6 7 |  7.0
Fighting       | 4 5 6 |  6.8
Axes           | 3 4 5 |  5.8
Shields        | |  4.0

Action                   |  1- 3 |  4- 6 |  7- 9 || total
-------------------------+-------+-------+-------++-------
Melee: War axe           |    91 |   126 |   102 ||   319
  Use: Scroll            |     4 |     8 |     3 ||    15
       Potion            |       |     1 |    10 ||    11
Armor: Scale mail        |    47 |    44 |    32 ||   123
       Skin              |       |       |    12 ||    12
Dodge: Dodged            |    53 |    94 |    73 ||   220
Block: Buckler           |    25 |    34 |    35 ||    94

Levels and vault maps discovered:
D:1:      dpeg_arrival_concentric_ovals, layout_loops_corners,
          hellmonk_ecumenical_altar_crossroads
D:2:      layout_loops_ring, uniq_robin
D:3:      layout_loops_cross
D:4:      layout_cave_pods, minmay_divided_ellipse, uniq_edmund
D:5:      layout_layer_cave, minmay_temple_entry_poolview,
          gammafunk_ghost_gnarly_gnolls

Notes
Turn   | Place    | Note
-------+----------+-------------------------------------------
     0 | D:1      | ytrimaz the Formicid Fighter began the quest for the Orb.
     0 | D:1      | Reached XP level 1. HP: 18/18 MP: 1/1
     0 | D:1      | magus.rc [v1.9.6]
   267 | D:1      | Reached XP level 2. HP: 19/24 MP: 2/2
   360 | D:1      | Found a faded altar of an unknown god.
   562 | D:1      | Reached XP level 3. HP: 30/30 MP: 3/3
  1194 | D:2      | Noticed Robin
  1208 | D:2      | Reached skill level 4 in Armour
  1213 | D:2      | Reached XP level 4. HP: 31/37 MP: 4/4
  1216 | D:2      | Killed Robin
  1217 | D:2      | Reached skill level 4 in Fighting
  1319 | D:2      | Reached skill level 3 in Axes
  1729 | D:2      | Identified a scroll of acquirement
  1855 | D:3      | Acquired 1117 gold pieces
  1866 | D:3      | Reached XP level 5. HP: 42/42 MP: 5/5
  2222 | D:3      | You pick up a book of Minor Magic and begin reading...
  2222 | D:3      | You add the spells Magic Dart, Call Imp and Mephitic Cloud
                  | to your library.
  2457 | D:3      | Reached XP level 6. HP: 46/49 MP: 6/6
  2717 | D:4      | Reached skill level 5 in Fighting
  2717 | D:4      | Reached skill level 5 in Armour
  2810 | D:4      | Reached skill level 4 in Axes
  3007 | D:4      | Noticed a yak
  3007 | D:4      | Noticed a wyvern
  3011 | D:4      | Killed a wyvern
  3012 | D:4      | Reached XP level 7. HP: 47/56 MP: 7/7
  3023 | D:4      | Killed a yak
  3132 | D:4      | Noticed Edmund
  3149 | D:4      | Killed Edmund
  3150 | D:4      | Reached skill level 6 in Fighting
  3150 | D:4      | Reached skill level 5 in Axes
  3150 | D:4      | Reached skill level 6 in Armour
  3150 | D:4      | Reached XP level 8. HP: 37/64 MP: 8/8
  3546 | D:5      | Entered Level 5 of the Dungeon
  4158 | D:5      | Found a transporter.
  4236 | D:5      | Identified the +4 ring mail "Ydwof" {rPois}
  4236 | D:5      | Identified the +0 kite shield "Ikiclul" {+Blink rN+ Will+
                  | Int+2}
  4248 | D:5      | Found a transporter.
  4283 | D:5      | Reached skill level 7 in Armour
  4297 | D:5      | Noticed Daunt's ghost (amateur MeFE)
  4301 | D:5      | HP: 12/65 [gnoll sergeant/+2 trident of electrocution (9)]
  4301 | D:5      | HP: 3/65 [gnoll/+2 halberd of pain (9)]
  4306 | D:5      | HP: 11/97 [gnoll sergeant/+2 trident of electrocution (11)]
  4311 | D:5      | HP: 19/97 [gnoll sergeant/+2 trident of electrocution (3)]
  4313 | D:5      | HP: 9/97 [gnoll sergeant/+2 trident of electrocution (4)]
  4313 | D:5      | Slain by a gnoll sergeant

Vanquished Creatures
  A yak (D:4)
  A wyvern (D:4)
  Edmund (D:4)
  2 ogres
  A phantom (D:4)
  2 scorpions (D:5)
  An orc priest (D:3)
  A hound (D:5)
  2 iguanas (D:5)
  An orc wizard (D:3)
  Robin (D:2)
  5 gnolls (D:5)
  4 adders
  A shadow imp (D:5)
  A white imp (D:5)
  3 worms
  2 dart slugs (D:1)
  10 orcs
  8 ball pythons
  9 endoplasms
  5 giant cockroaches
  11 hobgoblins
  7 kobolds
  4 quokkas
  5 bats
  4 frilled lizards
  16 goblins
  6 rats
115 creatures vanquished.

Vanquished Creatures (others)
  6 plants (D:5)
6 creatures vanquished.

Grand Total: 121 creatures vanquished

Table legend:
 A = Non-vault XP
 B = Vault XP
 C = Vault XP percentage of total XP
 D = Non-vault monster count
 E = Vault monster count
 F = Vault count percentage of total count
                 A         B        C        D         E       F
            +---------+---------+-------+---------+---------+-------
      Total |     795 |     841 |  51.4 |      85 |      30 |  26.1
            +---------+---------+-------+---------+---------+-------
        D:1 |      39 |       0 |   0.0 |      21 |       0 |   0.0
        D:2 |      47 |      36 |  43.4 |      19 |      11 |  36.7
        D:3 |     149 |       0 |   0.0 |      26 |       0 |   0.0
        D:4 |     143 |     733 |  83.7 |      10 |      14 |  58.3
        D:5 |     417 |      72 |  14.7 |       9 |       5 |  35.7
            +---------+---------+-------+---------+---------+-------

Illustrated notes

Table legend:
 A = Kills in this place as a percentage of kills in entire the game.
 B = Kills by you in this place as a percentage of kills by you in the entire game.
 C = Kills by friends in this place as a percentage of kills by friends in the entire game.
 D = Other kills in this place as a percentage of other kills in the entire game.
 E = Experience gained in this place as a percentage of experience gained in the entire game.
 F = Experience gained in this place divided by the number of levels of this place that you have seen.
                   A       B       C       D       E      F
               +-------+-------+-------+-------+-------+----------------------
         Total | 100.0 | 100.0 |   N/A |   N/A | 100.0 | 327.2
       Dungeon | 100.0 | 100.0 |   N/A |   N/A | 100.0 | 327.2
               +-------+-------+-------+-------+-------+----------------------

Table legend: (Time is in decaauts)
 A = Elapsed time spent in this place.
 B = Non-inter-level travel time spent in this place.
 C = Inter-level travel time spent in this place.
 D = Time resting spent in this place.
 E = Time spent auto-exploring this place.
 F = Levels seen in this place.
 G = Mean time per level.
                   A        B        C        D        E       F      G
               +--------+--------+--------+--------+--------+-----+--------+
         Total |   4420 |   4283 |    137 |     24 |   3283 |   5 |  884.0 |
       Dungeon |   4420 |   4283 |    137 |     24 |   3283 |   5 |  884.0 |
               +--------+--------+--------+--------+--------+-----+--------+

Top non-repeatable levels by time:
     D:1: 1111 daAuts
     D:4: 966 daAuts
     D:3: 799 daAuts
     D:5: 780 daAuts
     D:2: 763 daAuts
